 Dungeon Crawl Stone Soup version 0.23-a0-650-ga4d50d4 (webtiles) character file.

163 LairdRich the Chopper (level 5, 47/47 HPs)
             Began as a Minotaur Berserker on Jan 6, 2019.
             Was a Priest of Trog.
             Got out of the dungeon alive.
             The game lasted 00:11:47 (3291 turns).

LairdRich the Chopper (Minotaur Berserker)          Turns: 3291, Time: 00:11:47

Health: 47/47      AC:  5    Str: 22    XL:     5   Next: 20%
Magic:  4/4        EV: 11    Int:  4    God:    Trog [***...]
Gold:   129        SH:  0    Dex: 10    Spells: 4/4 levels left

rFire    . . .     SeeInvis .   a - +0 hand axe
rCold    + . .     Gourm    .   (no shield)
rNeg     . . .     Faith    .   q - +0 ring mail
rPois    .         Spirit   .   (helmet restricted)
rElec    .         Reflect  .   (no cloak)
rCorr    .         Harm     .   (no gloves)
MR       .....                  (no boots)
Stlth    +.........             (no amulet)
HPRegen  0.15/turn              d - ring of stealth
MPRegen  0.09/turn              v - ring of protection from cold

@: no status effects
A: retaliatory headbutt, horns 2
a: Berserk, Trog's Hand, Renounce Religion


You escaped.
You worshipped Trog.
Trog was most pleased with you.
You were hungry.

You visited 1 branch of the dungeon, and saw 4 of its levels.

You collected 129 gold pieces.

Inventory:

Hand Weapons
 a - a +0 hand axe (weapon)
Missiles
 e - 72 stones (quivered)
Armour
 b - a +0 animal skin
 j - a +0 leather armour
 q - a +0 ring mail (worn)
Jewellery
 d - a ring of stealth (left hand)
 v - a ring of protection from cold (right hand)
 w - an uncursed amulet of guardian spirit {unknown}
Wands
 h - a wand of flame (14)
 u - a wand of enslavement (7)
Scrolls
 i - 6 scrolls of identify {unknown}
 k - a scroll of noise {unknown}
 m - a scroll of random uselessness {unknown}
 n - a scroll of teleportation {unknown}
 o - 2 scrolls of blinking {unknown}
 p - a scroll of fear {unknown}
 r - a scroll of enchant armour {unknown}
 x - a scroll of remove curse {unknown}
Potions
 f - 2 potions of degeneration {unknown}
 g - a potion of mutation {unknown}
 l - a potion of flight {unknown}
 s - a potion of resistance {unknown}
 t - 2 potions of curing {unknown}
Comestibles
 c - 5 rations


   Skills:
 + Level 4.8 Fighting
 * Level 5.3 Axes
 + Level 3.9 Armour
 - Level 2.6 Dodging


You had 4 spell levels left.
You didn't know any spells.
Your spell library was empty.

Dungeon Overview and Level Annotations

Branches:
Dungeon (4/15)             Temple (0/1) D:4

Altars:
Cheibriados
Nemelex Xobeh
Okawaru

Shops:
D:4 *


Innate Abilities, Weirdness & Mutations

You reflexively headbutt those who attack you in melee.
You have a pair of horns on your head.


Message History

Unknown command.
Welcome back, LairdRich the Minotaur Berserker.
Trog says: Kill them all!
Press ? for a list of commands and other information.
Found 11 gold pieces.
There is an escape hatch in the ceiling here.
A mysterious force pulls you upwards. The hatch slams shut behind you.
There is a stone staircase leading up here.
You climb upwards.
There is a stone staircase leading down here.
There is a stone staircase leading up here.
You climb upwards.
There is a stone staircase leading down here.
You are feeling hungry.
There is an open door here.
There is a staircase leading out of the dungeon here.
Are you sure you want to leave the Dungeon?
This will make you lose the game!
Uppercase [Y]es or [N]o only, please.
Are you sure you want to leave the Dungeon?
This will make you lose the game!
You have escaped!

#.#..# #Z#..#Z#
######## #.#
#.#..######..#### #.#
#.#....##Z#...#^# #..
#....######...### ###
#......##Z#...#Z#
######...######...###
........## #Z#...#Z#
######### ###...###
##@## ###


You could see a merfolk zombie and a draconian zombie.

Vanquished Creatures
  A bullfrog skeleton (D:4)
  2 adders
  2 oozes (D:3)
  3 worms
  7 dart slugs
  3 leopard geckos
  2 orcs (D:3)
  7 giant cockroaches
  7 goblins
  10 hobgoblins
  A quokka (D:2)
  2 ball pythons (D:3)
  9 bats
  3 frilled lizards
  7 kobolds
  A leopard gecko skeleton (D:4)
  12 rats
  A plant (D:2)
80 creatures vanquished.

Notes
Turn   | Place    | Note
-------+----------+-------------------------------------------
     0 | D:1      | LairdRich the Minotaur Berserker began the quest for the
                  | Orb.
     0 | D:1      | Reached XP level 1. HP: 19/19 MP: 0/0
     0 | D:1      | Noticed a merfolk zombie
    17 | D:1      | Noticed a minotaur zombie
   188 | D:1      | Reached XP level 2. HP: 26/27 MP: 1/1
   646 | D:1      | Reached skill level 4 in Axes
  1065 | D:1      | Reached XP level 3. HP: 28/33 MP: 2/2
  1277 | D:2      | Found a snail-covered altar of Cheibriados.
  1288 | D:2      | Found a sparkling altar of Nemelex Xobeh.
  1458 | D:2      | Reached ** piety under Trog
  1511 | D:2      | Found a faded altar of an unknown god.
  2235 | D:3      | Reached XP level 4. HP: 41/41 MP: 3/3
  2652 | D:3      | Reached *** piety under Trog
  2680 | D:3      | Reached skill level 5 in Axes
  2724 | D:3      | Found an iron altar of Okawaru.
  3055 | D:4      | Found a staircase to the Ecumenical Temple.
  3116 | D:4      | Reached XP level 5. HP: 39/47 MP: 4/4
  3151 | D:4      | Found Komeacw's General Store.
  3291 | D:$      | Got out of the dungeon alive.

Vault maps used:
D:1:      shiori_arrival_whats_in_store_for_you
D:2:      chequers_temple_overflow_statue_of_worship,
          chequers_ecumenical_altar_lobes
D:3:      nicolae_overflow_crystal_walls, chequers_garden, minmay_checkerbox
D:4:      minmay_temple_entry_crystal_x, first_ration, serial_shops,
          nicolae_shop_stone

Skill      XL: |  1  2  3  4 |
---------------+-------------+-----
Fighting       | 4 |  4.8
Axes           | 4 5 |  5.3
Armour         | 3 |  3.9
Dodging        | |  2.6

Action                   |  1- 3 |  4- 6 || total
-------------------------+-------+-------++-------
Melee: Hand axe          |   120 |    78 ||   198
       Headbutt          |    23 |    14 ||    37
Throw: Stone             |    42 |     3 ||    45
 Stab: Sleeping          |       |     1 ||     1
  Eat: Chunk             |     4 |     3 ||     7
Armor: Leather armour    |    12 |       ||    12
       Ring mail         |    16 |    21 ||    37
Dodge: Dodged            |    58 |    38 ||    96

Table legend:
 A = Non-vault XP
 B = Vault XP
 C = Vault XP percentage of total XP
 D = Non-vault monster count
 E = Vault monster count
 F = Vault count percentage of total count
                 A         B        C        D         E       F
            +---------+---------+-------+---------+---------+-------
      Total |     223 |      10 |   4.3 |      75 |       4 |   5.1
            +---------+---------+-------+---------+---------+-------
        D:1 |      42 |       0 |   0.0 |      23 |       0 |   0.0
        D:2 |      53 |       0 |   0.0 |      19 |       0 |   0.0
        D:3 |      85 |      10 |  10.5 |      31 |       4 |  11.4
        D:4 |      43 |       0 |   0.0 |       2 |       0 |   0.0
            +---------+---------+-------+---------+---------+-------
